 Dungeon Sprint DCSS version 0.26-a0-835-g8259106e14 (webtiles) character file.

Game seed: 17293357702536025787

15359 rocky1 the Fighter (level 12, -1/84 HPs)
             Began as a Gargoyle Ice Elementalist on Nov 18, 2020.
             Was the Champion of Sif Muna.
             Slain by Polyphemus (19 damage)
             ... in the Dungeon (Sprint VII: "The Pits").
             The game lasted 00:29:57 (3896 turns).

rocky1 the Fighter (Gargoyle Ice Elementalist)      Turns: 3896, Time: 00:29:58

Health: -1/84      AC: 27    Str: 13    XL:     12   Next: 26%
Magic:  6/25       EV: 19    Int: 23    God:    Sif Muna [******]
Gold:   52         SH:  0    Dex: 13    Spells: 7/29 levels left

rFire    . . .     SeeInvis .   u - +2 morningstar (protect)
rCold    . . .     Faith    .   (no shield)
rNeg     + + .     Spirit   .   d - +2 robe {rN+}
rPois    ∞         Reflect  .   m - +2 hat
rElec    +         Harm     .   w - +0 cloak
rCorr    .         Rampage  .   t - +0 pair of gloves
MR       .....     NoTele   +   s - +0 pair of boots
Stlth    ++........             (no amulet)
HPRegen  0.24/turn              a - +3 ring of dexterity
MPRegen  0.19/turn              b - +3 ring of intelligence

@: icy armour, frozen ramparts
A: negative energy resistance 1, electricity resistance, unbreathing,
petrification resistance, rot immunity, AC +8
a: Channel Magic, Forget Spell, Divine Exegesis, Renounce Religion


You were in the Dungeon.
You worshipped Sif Muna.
Sif Muna was exalted by your worship.
You visited 1 branch You collected 52 gold pieces.

Inventory:

Hand Weapons
 u - a +2 morningstar of protection (weapon)
 v - a +1 broad axe of freezing
Missiles
 D - 21 poisoned darts (quivered)
 E - 4 throwing nets
Armour
 d - a +2 robe of positive energy (worn)
 m - a +2 hat (worn)
 s - a +0 pair of boots (worn)
 t - a +0 pair of gloves (worn)
 w - a +0 cloak (worn)
Jewellery
 a - a +3 ring of dexterity (left hand)
 b - a +3 ring of intelligence (right hand)
 B - an uncursed ring of flight
 C - an uncursed ring of protection from magic
Wands
 h - a wand of iceblast (10)
Scrolls
 j - 4 scrolls of remove curse
 k - 6 scrolls of amnesia
 l - a scroll of summoning
 n - 2 scrolls of fear
 r - 4 scrolls of identify
 x - 2 scrolls of enchant armour
 y - 2 scrolls of enchant weapon
 A - a scroll of fog
Potions
 c - 8 potions of curing
 e - 3 potions of haste
 f - 3 potions of magic
 g - 3 potions of berserk rage
 i - 2 potions of invisibility
 o - 3 potions of resistance
 p - 4 potions of brilliance
 q - a potion of mutation
 z - a potion of heal wounds


   Skills:
 + Level 13.5 Fighting
 + Level 12.5 Maces & Flails
 + Level 11.2 Dodging
 - Level 2.1 Stealth
 + Level 9.1 Spellcasting
 - Level 10.3 Conjurations
 - Level 5.6 Translocations
 + Level 2.5 Fire Magic
 - Level 10.6 Ice Magic
 + Level 13.4 Invocations


You had 7 spell levels left.
You knew the following spells:

 Your Spells              Type           Power        Failure   Level
a - Freeze                Ice            ####         1%          1
b - Frozen Ramparts       Ice            ######       1%          3
c - Ozocubu's Armour      Ice            ######..     1%          3
d - Blink                 Tloc           N/A          1%          2
e - Hailstorm             Conj/Ice       ######..     1%          4
f - Fire Storm            Conj/Fire      #####.....   100%        9

Your spell library contained the following spells:

 Spells                   Type           Power        Failure   Level
 Apportation              Tloc           #####.       1%          1
 Foxfire                  Conj/Fire      ####         1%          1
 Shock                    Conj/Air       ####         1%          1
 Ensorcelled Hibernation  Hex/Ice        #####.       1%          2
 Searing Ray              Conj           ######       1%          2
 Conjure Flame            Conj/Fire      #####...     1%          3
 Gell's Gravitas          Tloc           #####.....   1%          3
 Lesser Beckoning         Tloc           #####.....   1%          3
 Static Discharge         Conj/Air       ####....     2%          3
 Stone Arrow              Conj/Erth      ####..       2%          3
 Iskenderun's Mystic Bla  Conj/Tloc      #####...     2%          4
 Iskenderun's Battlesphe  Conj           ######..     2%          5
 Mephitic Cloud           Conj/Pois/Air  ####....     4%          3
 Sticky Flame             Conj/Fire      #####...     4%          4
 Corona                   Hex            ##.....      6%          1
 Passage of Golubria      Tloc           N/A          6%          4
 Summon Ice Beast         Ice/Summ       #####...     7%          4
 Corpse Rot               Necr/Air       N/A          10%         2
 Passwall                 Tmut/Erth      ##......     10%         2
 Swiftness                Air            ##......     10%         2
 Fireball                 Conj/Fire      #####.....   12%         5
 Confusing Touch          Hex            ##......     19%         3
 Lightning Bolt           Conj/Air       ####......   21%         5
 Bolt of Magma            Conj/Fire/Erth ####......   28%         5
 Airstrike                Air            ##........   52%         4
 Animate Dead             Necr           ##........   52%         4
 Cause Fear               Hex            ##........   52%         4
 Dispel Undead            Necr           ##......     52%         4
 Orb of Destruction       Conj           ######....   58%         7
 Dispersal                Tloc           #####.....   67%         6
 Spellforged Servitor     Conj/Summ      ####......   99%         7
 Death Channel            Necr           ##........   100%        6
 Invisibility             Hex            ##......     100%        6
 Summon Hydra             Summ           ##........   100%        7
 Infestation              Necr           ##........   100%        8
 Dragon's Call            Summ           ##........   100%        9


Dungeon Overview and Level Annotations

Branches:
Dungeon (1/1)

Altars:
Ashenzari
Cheibriados
Dithmenos
Elyvilon
Fedhas
Gozag
Hepliaklqana
Kikubaaqudgha
Makhleb
Nemelex Xobeh
Okawaru
Qazlal
Ru
Sif Muna
Trog
Uskayaw
Vehumet
Wu Jian
Xom
Yredelemnul
Zin
The Shining One
Beogh
Jiyva
Lugonu

Annotations:
D Polyphemus


Innate Abilities, Weirdness & Mutations

You are resistant to torment.
Your stone body is resilient. (AC +8)
You are immune to poison.
You resist negative energy. (rN+)
You are resistant to electric shocks. (rElec)
You can survive without breathing.
You are immune to petrification.
You are immune to rotting.


Message History

A cannonade of hail descends around you!
The hail pelts Polyphemus!
Polyphemus is lightly wounded.
The hail pelts the cane toad!!
The cane toad is severely wounded.
You completely miss the cane toad.
The cane toad is severely wounded.
Polyphemus misses you. Polyphemus hits you but does no damage.
The cane toad completely misses you.
Unknown command.
You closely miss the cane toad.
The cane toad is severely wounded.
Polyphemus hits you!!
* * * LOW HITPOINT WARNING * * *
Polyphemus hits you!
* * * LOW HITPOINT WARNING * * *
The cane toad misses you.
You feel much better. Polyphemus hits you but does no damage.
Polyphemus hits you!!
You die...

#################+#
.......).......(..#
...............(..#
++##############..#
#..# #..# #FC# #@.#
#..# #(.# #..# #..#
#..# #++#


You could see Polyphemus and a cane toad (slow).

Vanquished Creatures
  Gastronok (D)
  Harold (D)
  A boulder beetle (D)
  A hydra (D)
  A two-headed ogre (D)
  A merfolk avatar (D)
  A shadow wraith (D)
  A sea snake (D)
  A lindwurm (D)
  A phantasmal warrior (D)
  2 merfolk sirens (D)
  An eye of devastation (D)
  Maurice (D)
  A rust devil (D)
  2 molten gargoyles (D)
  A rime drake (D)
  A freezing wraith (D)
  A guardian mummy (D)
  A hellwing (D)
  A tyrant leech (D)
  A hornet (D)
  A shadow (D)
  2 redbacks (D)
  A wraith (D)
  2 wyverns (D)
  2 soldier ants (D)
  A floating eye (D)
  A black bear (D)
  An ogre (D)
  3 wolves (D)
  2 centaurs (D)
  4 quasits (D)
  A gnoll shaman (D)
  An orc wizard (D)
  Jessica (D)
  A worker ant (D)
  5 gnolls (D)
  An adder (D)
  3 oozes (D)
  An adder skeleton (D)
  A worm (D)
  A leopard gecko (D)
  2 ball pythons (D)
  A bat skeleton (D)
  2 goblins (D)
  A quokka (D)
  A ball python zombie (D)
  2 bats (D)
68 creatures vanquished.

Vanquished Creatures (collateral kills)
  Ilsuiw (D)
  A death knight (D)
  A death yak (D)
  A flayed ghost (D)
  A merfolk siren (D)
  A demonic crawler (D)
  A freezing wraith (D)
  A ynoxinul (D)
  A shadow (D)
  A crimson imp (D)
  3 jackals (D)
  A kobold (D)
14 creatures vanquished.

Vanquished Creatures (others)
  A deep elf mage (D)
1 creature vanquished.

Grand Total: 83 creatures vanquished

Notes
Turn   | Place    | Note
-------+----------+-------------------------------------------
     0 | D        | rocky1 the Gargoyle Ice Elementalist began the quest for
                  | the Orb.
     0 | D        | Reached XP level 1. HP: 10/10 MP: 3/3
    37 | D        | Found a bloodstained altar of Trog.
    37 | D        | Found a shimmering blue altar of Sif Muna.
    37 | D        | Found a viscous altar of Jiyva.
    37 | D        | Found a hazy altar of Hepliaklqana.
    37 | D        | Found an opulent altar of Gozag.
    38 | D        | Found a glowing golden altar of the Shining One.
    38 | D        | Found a glowing silver altar of Zin.
    38 | D        | Found a basalt altar of Yredelemnul.
    38 | D        | Found a shimmering altar of Xom.
    38 | D        | Found an ornate altar of the Wu Jian Council.
    38 | D        | Found a sacrificial altar of Ru.
    38 | D        | Found a stormy altar of Qazlal.
    38 | D        | Found an iron altar of Okawaru.
    38 | D        | Found a sparkling altar of Nemelex Xobeh.
    38 | D        | Found a burning altar of Makhleb.
    38 | D        | Found a blossoming altar of Fedhas.
    38 | D        | Found a white marble altar of Elyvilon.
    38 | D        | Found a shadowy altar of Dithmenos.
    38 | D        | Found a snail-covered altar of Cheibriados.
    41 | D        | Found a corrupted altar of Lugonu.
    41 | D        | Found a radiant altar of Vehumet.
    41 | D        | Found a roughly hewn altar of Beogh.
    42 | D        | Found an ancient bone altar of Kikubaaqudgha.
    42 | D        | Found a hide-covered altar of Uskayaw.
    42 | D        | Found a broken altar of Ashenzari.
    43 | D        | Became a worshipper of Sif Muna the Loreminder
   142 | D        | Reached XP level 2. HP: 3/15 MP: 1/6
   380 | D        | Reached * piety under Sif Muna
   381 | D        | Reached skill level 5 in Ice Magic
   427 | D        | Reached ** piety under Sif Muna
   428 | D        | Reached XP level 3. HP: 19/19 MP: 5/8
   566 | D        | Learned a level 3 spell: Frozen Ramparts
   570 | D        | Learned a level 3 spell: Ozocubu's Armour
   657 | D        | Noticed a centaur
   683 | D        | Noticed a black bear
   685 | D        | Reached *** piety under Sif Muna
   686 | D        | Reached skill level 1 in Fighting
   686 | D        | Reached XP level 4. HP: 21/25 MP: 1/10
   687 | D        | Reached skill level 1 in Maces & Flails
   687 | D        | Reached skill level 1 in Invocations
   694 | D        | Killed a centaur
   694 | D        | Reached **** piety under Sif Muna
   695 | D        | Reached skill level 5 in Spellcasting
   695 | D        | Reached XP level 5. HP: 25/33 MP: 5/12
   697 | D        | Reached XP level 6. HP: 29/38 MP: 2/14
   699 | D        | Killed a black bear
   700 | D        | Reached skill level 5 in Dodging
   712 | D        | Reached ***** piety under Sif Muna
   883 | D        | Reached skill level 5 in Fighting
   885 | D        | Noticed a molten gargoyle
   893 | D        | Killed a molten gargoyle
   893 | D        | Identified Tyneiro's Almanac of Darkness and Conjuration
                  | (Sif Muna gifted it to you in the Dungeon)
   893 | D        | Received a gift from Sif Muna
   894 | D        | Reached skill level 5 in Maces & Flails
   894 | D        | Reached XP level 7. HP: 32/46 MP: 10/17
   987 | D        | Paralysed by a floating eye for 2 turns
  1018 | D        | Reached XP level 8. HP: 52/52 MP: 14/18
  1147 | D        | Noticed a molten gargoyle
  1147 | D        | Noticed a tyrant leech
  1153 | D        | Killed a molten gargoyle
  1161 | D        | Killed a tyrant leech
  1161 | D        | Identified Sif Muna's Reference Book on Displaced
                  | Necromancy (Sif Muna gifted it to you in the Dungeon)
  1161 | D        | Received a gift from Sif Muna
  1166 | D        | Learned a level 2 spell: Blink
  1171 | D        | Learned a level 4 spell: Hailstorm
  1312 | D        | Noticed a wyvern
  1313 | D        | Noticed Gastronok
  1314 | D        | Noticed a boulder beetle
  1317 | D        | Killed a wyvern
  1370 | D        | Noticed a freezing wraith
  1402 | D        | Killed a freezing wraith
  1403 | D        | Reached XP level 9. HP: 35/59 MP: 19/21
  1590 | D        | Noticed a hornet
  1599 | D        | Killed a hornet
  1676 | D        | Reached skill level 10 in Ice Magic
  1700 | D        | Killed Gastronok
  1701 | D        | Reached skill level 10 in Fighting
  1701 | D        | Reached skill level 10 in Invocations
  1701 | D        | Reached XP level 10. HP: 68/68 MP: 12/22
  1931 | D        | Noticed Maurice
  1935 | D        | Identified Ceontownu's Papyrus of Poison and Enchantment
                  | (Sif Muna gifted it to you in the Dungeon)
  1935 | D        | Received a gift from Sif Muna
  1936 | D        | Reached skill level 5 in Conjurations
  1946 | D        | Killed Maurice
  1989 | D        | Killed a boulder beetle
  1990 | D        | Reached skill level 10 in Maces & Flails
  2205 | D        | Noticed Jessica
  2219 | D        | Killed Jessica
  2219 | D        | Identified Sif Muna's Handbook of Creative Dislocation (Sif
                  | Muna gifted it to you in the Dungeon)
  2219 | D        | Received a gift from Sif Muna
  2235 | D        | Reached skill level 1 in Translocations
  2654 | D        | Noticed a two-headed ogre
  2654 | D        | Noticed Ilsuiw
  2654 | D        | Noticed a merfolk siren
  2654 | D        | Noticed a merfolk avatar
  2654 | D        | Noticed a lindwurm
  2654 | D        | Noticed a merfolk siren
  2654 | D        | Noticed a merfolk siren
  2677 | D        | Killed a merfolk avatar
  2678 | D        | Reached XP level 11. HP: 55/74 MP: 13/23
  2680 | D        | Reached ****** piety under Sif Muna
  2681 | D        | Reached skill level 10 in Dodging
  2684 | D        | Killed a two-headed ogre
  2684 | D        | Identified Sif Muna's Grimoire of Transformation and
                  | Attacks (Sif Muna gifted it to you in the Dungeon)
  2684 | D        | Received a gift from Sif Muna
  2727 | D        | Killed a lindwurm
  2738 | D        | Killed Ilsuiw
  2741 | D        | Noticed a death knight
  2743 | D        | Noticed a death yak
  2746 | D        | Reached skill level 5 in Translocations
  2751 | D        | Killed a death knight
  2751 | D        | Received a gift from Sif Muna
  2755 | D        | Killed a death yak
  2756 | D        | Noticed a flayed ghost
  2764 | D        | Killed a flayed ghost
  2764 | D        | Identified Sif Muna's Tome of Battle Magic (Sif Muna gifted
                  | it to you in the Dungeon)
  2764 | D        | Received a gift from Sif Muna
  2993 | D        | Killed a shadow wraith
  3281 | D        | Noticed a phantasmal warrior
  3295 | D        | Killed a phantasmal warrior
  3296 | D        | Reached skill level 10 in Conjurations
  3514 | D        | Reached XP level 12. HP: 75/84 MP: 18/24
  3568 | D        | Noticed a four-headed hydra
  3581 | D        | Killed a four-headed hydra
  3599 | D        | Identified Sif Muna's Tome of Attacks (Sif Muna gifted it
                  | to you in the Dungeon)
  3599 | D        | Received a gift from Sif Muna
  3613 | D        | Learned a level 9 spell: Fire Storm
  3644 | D        | Reached skill level 1 in Fire Magic
  3729 | D        | Noticed Harold
  3743 | D        | Killed Harold
  3887 | D        | Noticed Polyphemus
  3895 | D        | HP: 1/84 [Polyphemus (16)]
  3896 | D        | Slain by Polyphemus

Illustrated notes

Levels and vault maps discovered:
D:        pitsprint [storerooms_1, entrance_room_1, metal_vault_4, armoury_1,
          mini_pit_1, grid_room_1, main_hall_1, silver_pit, the_coven_1,
          the_vestibule_1, steel_vault_1, golden_pit, hallway_of_sentries,
          crystal_vault_1, iron_vault_4, final_vault]

Skill      XL: |  1  2  3  4  5  6  7  8  9 10 11 12 |
---------------+-------------------------------------+-----
Dodging        | 2 3 4 6 7 8 9 10 11 | 11.2
Spellcasting   | 3 4 5 6 7 8 9 |  9.1
Ice Magic      | 5 6 8 9 10 | 10.6
Fighting       | 1 3 4 6 8 10 11 13 | 13.5
Maces & Flails | 3 5 6 7 9 10 12 | 12.5
Invocations    | 3 6 8 10 11 13 | 13.4
Conjurations   | 4 7 10 | 10.3
Translocations | 2 5 |  5.6
Fire Magic     | 2 |  2.5
Stealth        | |  2.1

Action                   |  1- 3 |  4- 6 |  7- 9 | 10-12 || total
-------------------------+-------+-------+-------+-------++-------
Melee: Unarmed           |     9 |       |       |       ||     9
       Mace              |     7 |       |       |       ||     7
       Flail             |     6 |    19 |     9 |       ||    34
       Morningstar       |       |       |    38 |   145 ||   183
 Cast: Freeze            |    17 |       |       |       ||    17
       Frozen Ramparts   |     2 |     3 |     9 |    15 ||    29
       Ozocubu's Armour  |     1 |     2 |     7 |    11 ||    21
       Hailstorm         |       |       |       |    10 ||    10
       Blink             |       |       |       |     5 ||     5
       Dragon's Call     |       |       |       |     1 ||     1
Invok: Channel Magic     |       |       |       |     2 ||     2
       Divine Exegesis   |       |       |       |     1 ||     1
  Use: Potion            |       |     5 |     1 |     8 ||    14
       Scroll            |       |       |       |     1 ||     1
Armor: Robe              |    23 |     5 |       |    17 ||    45
       Leather armour    |       |     1 |    26 |    58 ||    85
Dodge: Dodged            |    29 |    12 |    26 |   115 ||   182

Table legend: (Time is in decaauts)
 A = Elapsed time spent in this place.
 B = Non-inter-level travel time spent in this place.
 C = Inter-level travel time spent in this place.
 D = Time resting spent in this place.
 E = Time spent auto-exploring this place.
 F = Levels seen in this place.
 G = Mean time per level.
                   A        B        C        D        E       F      G
               +--------+--------+--------+--------+--------+-----+--------+
         Total |   3950 |   3950 |      0 |   2284 |      0 |   1 | 3950.0 |
       Dungeon |   3950 |   3950 |      0 |   2284 |      0 |   1 | 3950.0 |
               +--------+--------+--------+--------+--------+-----+--------+

Top non-repeatable levels by time:
       D: 3950 daAuts
